 Dungeon Crawl Stone Soup version 0.30.1-11-g7821555f0a (webtiles) character file.

Game seed: 4123970200574856101

26 KittyFluff the Trooper (level 3, -1/23 HPs)
             Began as a Gargoyle Berserker on Oct 28, 2023.
             Was a Believer of Trog.
             Slain by Terence
             ... wielding a +1 short sword of speed
              (3 damage)
             ... on level 2 of the Dungeon.
             The game lasted 00:03:05 (786 turns).

KittyFluff the Trooper (Gargoyle Berserker)          Turns: 786, Time: 00:03:06

Health: -1/23      AC:  6    Str: 22    XL:     3   Next: 8%
Magic:  3/3        EV: 11    Int:  7    God:    Trog [**....]
Gold:   69         SH:  0    Dex:  9    Spells: 2/2 levels left

rFire   . . .        a - +0 mace
rCold   . . .        (no shield)
rNeg    + . .        d - +0 leather armour
rPois   ∞            (no helmet)
rElec   +            (no cloak)
rCorr   .            (no gloves)
SInv    .            (no boots)
Will    .....        (no amulet)
Stlth   +            (no ring)
HPRegen 0.23/turn    (no ring)
MPRegen 0.08/turn

%: no passive effects
@: no status effects
A: sickness immunity, AC +3, negative energy resistance 1, electricity
resistance, torment resistance 1, petrification resistance
a: Renounce Religion, Berserk, Trog's Hand


You were on level 2 of the Dungeon.
You worshipped Trog.
Trog was pleased with you.
You visited 1 branch of the dungeon, and saw 2 of its levels.

You collected 69 gold pieces.

Inventory:

Hand Weapons
 a - a +0 mace (weapon)
Armour
 d - a +0 leather armour (worn)
Scrolls
 b - a scroll of amnesia {unknown}
 c - 3 scrolls of identify
 e - a scroll of magic mapping {unknown}
 f - a scroll of enchant armour {unknown}
Potions
 g - a potion of curing


   Skills:
 + Level 3.5 Fighting
 * Level 3.4 Maces & Flails
 * Level 2.7 Armour
 + Level 1.9 Dodging


You had 2 spell levels left.
You didn't know any spells.
Your spell library was empty.

Dungeon Overview and Level Annotations

Branches:
Dungeon (2/15)

Altars:

Annotations:
D:2 Terence


Innate Abilities, Weirdness & Mutations

You are immune to sickness and miasma.
Your stone body is resilient. (AC +3)
You are immune to poison.
You resist negative energy. (rN+)
You are resistant to electric shocks. (rElec)
You are resistant to unholy torment.
You are immune to petrification.


Message History

As you read the scroll labelled NEMEDWU OL GAL, it crumbles to dust.
It is a scroll of identify.
g - a potion of curing You now have 60 gold pieces (gained 10).
You now have 69 gold pieces (gained 9).
There is a stone staircase leading up here.
Found 3 stones.
Terence the Incautious comes into view.
He is wielding a +1 short sword of speed.
Terence shouts!
Terence hits you with a +1 short sword of speed.
You closely miss Terence. You punch Terence, but do no damage.
Terence hits you but does no damage.
You hit Terence.
Terence is lightly wounded.
Terence hits you with a +1 short sword of speed.
Terence hits you but does no damage.
You barely miss Terence.
Terence is lightly wounded.
Terence barely misses you. Terence misses you.
You closely miss Terence.
Terence is lightly wounded.
Terence closely misses you.
Terence hits you with a +1 short sword of speed.
You hit Terence.
Terence is heavily wounded.
Terence closely misses you.
You barely miss Terence.
Terence is heavily wounded.
Terence barely misses you.
Terence hits you with a +1 short sword of speed!
* * * LOW HITPOINT WARNING * * *
You hit Terence but do no damage.
Terence is heavily wounded.
Terence hits you with a +1 short sword of speed.
* * * LOW HITPOINT WARNING * * *
Terence hits you but does no damage.
You hit Terence.
Terence is severely wounded.
Terence hits you with a +1 short sword of speed.
You die...

######.#
###.#
##.#.#
##(...###
#.......+
###....###
#......#
#.######
#@# #@#
... .#.##
#.#.# #
#.# #..
###


You could see Terence.

Vanquished Creatures
  A dart slug (D:1)
  An endoplasm (D:1)
  5 goblins (D:1)
  2 hobgoblins (D:1)
  3 kobolds (D:1)
  2 quokkas (D:1)
  A ball python (D:1)
  2 bats (D:1)
  2 frilled lizards (D:1)
  5 rats (D:1)
24 creatures vanquished.

Notes
Turn   | Place    | Note
-------+----------+-------------------------------------------
     0 | D:1      | KittyFluff the Gargoyle Berserker began the quest for the
                  | Orb.
     0 | D:1      | Reached XP level 1. HP: 14/14 MP: 1/1
    71 | D:1      | Reached XP level 2. HP: 19/19 MP: 2/2
   407 | D:1      | Reached ** piety under Trog
   408 | D:1      | Reached XP level 3. HP: 19/23 MP: 3/3
   776 | D:2      | Noticed Terence
   786 | D:2      | Slain by Terence

Illustrated notes

Levels and vault maps discovered:
D:1:      matt_arrival_grand_opening, layout_basic
D:2:      layout_loops_corners, basic_altar, minivault_27,
          serial_bayou_lagoon_b, uniq_terence, uniq_robin

Action                     || total
---------------------------++-------
  Melee: Mace              ||    73
         Punch             ||     2
    Use: Scroll            ||     1
 Armour: Animal skin       ||    13
         Leather armour    ||    14
  Dodge: Dodged            ||    40
